 Dungeon Crawl Stone Soup version 0.28.0-53-g5a82cb258f (webtiles) character file.

Game seed: 13433591686407122133

9 cbfl8 the Sneak (level 2, -1/27 HPs)
             Began as a Hill Orc Delver on July 17, 2022.
             Slain by an orc
             ... wielding a +0 hand axe
              (5 damage)
             ... on level 5 of the Dungeon.
             The game lasted 00:01:12 (463 turns).

cbfl8 the Sneak (Hill Orc Delver)                    Turns: 463, Time: 00:01:12

Health: -1/27      AC:  3    Str: 14    XL:     2   Next: 12%
Magic:  2/2        EV: 11    Int: 10    God:
Gold:   0          SH:  0    Dex: 12    Spells: 1/1 levels left

rFire   . . .      SeeInvis .   a - +0 hand axe
rCold   . . .      Faith    .   (no shield)
rNeg    . . .      Spirit   .   b - +0 leather armour
rPois   .          Reflect  .   (no helmet)
rElec   .          Harm     .   (no cloak)
rCorr   .          Rampage  .   (no gloves)
Will    .....                   (no boots)
Stlth   ++........              (no amulet)
HPRegen 0.09/turn               (no ring)
MPRegen 0.08/turn               (no ring)

@: no status effects
A: no striking features
a: no special abilities


You were on level 5 of the Dungeon.
You visited 1 branch of the dungeon, and saw 2 of its levels.

Inventory:

Hand Weapons
 a - a +0 hand axe (weapon)
Armour
 b - a +0 leather armour (worn)
Wands
 g - a wand of digging (3)
Scrolls
 c - a scroll of fog
 e - a scroll of fear
Potions
 f - a potion of haste


   Skills:
 + Level 3.7 Fighting
 + Level 2.7 Axes
 + Level 1.6 Dodging
 + Level 4.4 Stealth


You had one spell level left.
You didn't know any spells.
Your spell library contained the following spells:

 Spells                   Type           Power      Damage    Failure   Level
 Animate Skeleton         Necr           0%         N/A       43%         1
 Apportation              Tloc           0%         N/A       43%         1
 Summon Small Mammal      Summ           0%         N/A       43%         1


Dungeon Overview and Level Annotations

Branches:
Dungeon (5/15)
 Temple: D:4-7

Altars:


Message History

Found a club, 20 stones and a dagger.
There is a stone staircase leading down here.
An orc comes into view.
It is wielding a +1 flail of protection.
The orc hits you with a +0 hand axe. The orc hits you with a +0 dagger.
You climb downwards.
There is a stone staircase leading up here.
You closely miss the orc. You hit the orc but do no damage.
The orc barely misses you. The orc hits you with a +0 dagger.
The orc hits you with a +0 hand axe!
Unknown command.
You are too injured to fight recklessly!
Unknown command.
You are too injured to fight recklessly!
Unknown command.
You are too injured to fight recklessly!
You barely miss the orc. You hit the orc. The orc hits you with a +0 dagger.
The orc barely misses you.
You hit the orc.
The orc is lightly wounded.
You hit the orc. The orc barely misses you.
The orc hits you with a +0 hand axe.
You hit the orc.
The orc is almost dead.
You hit the orc but do no damage. The orc hits you with a +0 dagger.
* * * LOW HITPOINT WARNING * * *
The orc closely misses you.
You hit the orc.
You kill the orc!
You hit the orc. The orc hits you with a +0 hand axe.
* * * LOW HITPOINT WARNING * * *
You hit the orc but do no damage.
The orc is heavily wounded.
The orc hits you with a +0 hand axe.
* * * LOW HITPOINT WARNING * * *
The orc hits you with a +0 hand axe.
* * * LOW HITPOINT WARNING * * *
You closely miss the orc.
The orc is heavily wounded.
The orc hits you with a +0 hand axe.
You die...

#..##..#..... ##*
#..#.........
#.######............
*#...##..##...####..
#......####..## #..
#.....## #...####.
#.....#####........
#..................
#.@................
#o.)....###..#....#
#.......# #...#..##
#.......# ##..#..#
##......## #....##
##......####..##
##......###..#
##...>......# *
###......###.####


You could see an orc.

Vanquished Creatures
  A white imp (D:5)
  An orc (D:5)
2 creatures vanquished.

Vanquished Creatures (others)
  An orc (D:5)
1 creature vanquished.

Grand Total: 3 creatures vanquished

Notes
Turn   | Place    | Note
-------+----------+-------------------------------------------
     0 | D:5      | cbfl8 the Hill Orc Delver began the quest for the Orb.
     0 | D:5      | Reached XP level 1. HP: 19/19 MP: 1/1
    75 | D:5      | Reached XP level 2. HP: 5/27 MP: 2/2
   332 | D:5      | Noticed a scorpion
   463 | D:5      | Slain by an orc

Illustrated notes

Levels and vault maps discovered:
D:4:      layout_basic
D:5:      layout_layer_cave, lemuel_flamethrower_2

Action                   || total
-------------------------++-------
Melee: Hand axe          ||    11
  Use: Scroll            ||     1
Dodge: Dodged            ||     6
